 Dungeon Sprint DCSS version 0.24.0-1-gfbc8707 (webtiles) character file.

Game seed: 13217965641814168972, levelgen mode: deterministic

5356 Fang the Fighter (level 10, -2/74 HPs)
             Began as a Gargoyle Berserker on Nov 1, 2019.
             Was a High Priest of Trog.
             Blown up by Piri the pandemonium lord (22 damage)
             ... with a bolt of energy
             ... in the Dungeon (Sprint V: "Ziggurat Sprint").
             The game lasted 00:02:06 (570 turns).

Fang the Fighter (Gargoyle Berserker)                Turns: 570, Time: 00:02:07

Health: -2/74      AC: 36    Str: 35    XL:     10   Next: 65%
Magic:  10/10      EV:  6    Int:  8    God:    Trog [*****.]
Gold:   0          SH: 32    Dex: 10    Spells: 9/9 levels left

rFire    . . .     SeeInvis .   a - +5 broad axe
rCold    . . .     Gourm    .   E - +18 shield of the Gong {rElec rN+ MR+ EV-5}
rNeg     + + .     Faith    .   b - +15 Maxwell's patent armour {-Cast -Tele rElec MR+ rCorr}
rPois    ∞         Spirit   .   (no helmet)
rElec    +         Reflect  .   (no cloak)
rCorr    +         Harm     .   (no gloves)
MR       ++...     NoTele   +   (no boots) Stlth ..........NoCast +
                                y - amulet of regeneration
HPRegen  0.62/turn              D - +6 ring of strength
MPRegen  0.12/turn              C - +6 ring of strength

@: berserk cooldown, slowed, very slow
A: negative energy resistance 1, electricity resistance, unbreathing,
petrification resistance, rot immunity, AC +7
a: Berserk, Trog's Hand, Brothers in Arms, Renounce Religion


You were in the Dungeon.
You worshipped Trog.
Trog was extremely pleased with you.
You were very hungry.

You visited 1 branch

Inventory:

Hand Weapons
 a - a +5 broad axe (weapon)
Armour
 b - the +15 Maxwell's patent armour (worn) {-Cast -Tele rElec MR+ rCorr}
   (You found it in the Dungeon)

   It insulates you from electricity.
   It affects your resistance to hostile enchantments.
   It prevents spellcasting.
   It prevents most forms of teleportation.
   It provides partial protection from all sources of acid and corrosion.
 B - the +0 plate armour of the Country {rElec rF+ Int+4 Dex+4}
   (You found it in the Dungeon)

   It affects your intelligence (+4).
   It affects your dexterity (+4).
   It protects you from fire.
   It insulates you from electricity.
 E - the +18 shield of the Gong (worn) {rElec rN+ MR+ EV-5}
   (You found it in the Dungeon)

   It affects your evasion (-5).
   It insulates you from electricity.
   It protects you from negative energy.
   It affects your resistance to hostile enchantments.
 F - the +5 gold dragon scales of Shielding {rPois rF+ rC+ Str+2}
   (You found it in the Dungeon)

   It affects your strength (+2).
   It protects you from fire.
   It protects you from cold.
   It protects you from poison.
Jewellery
 o - an uncursed amulet of the acrobat
 x - a +5 amulet of reflection
 y - an amulet of regeneration (around neck)
 z - the ring of the Gloaming {MP+9 AC+3}
   (You found it in the Dungeon)

   [ring of protection]

   It affects your AC (+3).
   It affects your magic capacity (+9).
 A - an uncursed ring of fire
 C - a +6 ring of strength (right hand)
 D - a +6 ring of strength (left hand)
Wands
 u - a wand of disintegration (7)
 v - a wand of iceblast (7)
 w - a wand of acid (7)
Scrolls
 i - 4 scrolls of blinking
 j - 7 scrolls of fog
 k - a scroll of holy word
 l - 5 scrolls of identify
 m - 5 scrolls of remove curse
 n - 2 scrolls of fear
Potions
 d - 10 potions of curing
 e - 13 potions of heal wounds
 f - 10 potions of haste
 h - 3 potions of berserk rage
 p - 2 potions of invisibility
 q - 4 potions of resistance
 r - a potion of experience
 s - 5 potions of agility
 t - 5 potions of might
Comestibles
 c - 7 rations
 g - 13 chunks of flesh


   Skills:
 * Level 13.7 Fighting
 * Level 11.8 Axes
 + Level 10.1 Armour
 + Level 7.8 Dodging
 * Level 13.0 Shields


You had 9 spell levels left.
You didn't know any spells.
Your spell library was empty.

Dungeon Overview and Level Annotations

Branches:
Dungeon (1/1)

Altars:
Ashenzari
Cheibriados
Dithmenos
Elyvilon
Fedhas
Gozag
Hepliaklqana
Kikubaaqudgha
Makhleb
Nemelex Xobeh
Okawaru
Qazlal
Ru
Sif Muna
Trog
Uskayaw
Vehumet
Wu Jian
Xom
Yredelemnul
Zin
The Shining One
Beogh
Jiyva
Lugonu

Annotations:
D 1 transporter


Innate Abilities, Weirdness & Mutations

You are resistant to torment.
Your stone body is resilient. (AC +7)
You are immune to poison.
You resist negative energy. (rN+)
You are resistant to electric shocks. (rElec)
You can survive without breathing.
You are immune to petrification.
You are immune to rotting.


Message History

Piri sneers, "Go and return not, thou ducking fool-headed mendicant!"
Piri hits you but does no damage. You block the Hell Sentinel's attack.
GONNNNG!
You block the Hell Sentinel's attack.
SHROANNG!
The Brimstone Fiend hits you.
The Brimstone Fiend hits you but does no damage. x2
Your stone giant goes berserk!
You feel somewhat more hungry. You block Piri's attack.
SHROANNG!
You block the Hell Sentinel's attack.
GONNNNG!
The Hell Sentinel hits you!
* * * LOW HITPOINT WARNING * * *
You block the Brimstone Fiend's attack.
GONNNNG!
The Brimstone Fiend hits you but does no damage. x2
Piri gestures at you. The bolt of energy hits you!!
You die...

▓▓▓▓▓▓▓▓▓
▓..8©8..▓
▓..[)=..▓
▓..|:"..▓
▓.......▓
▓.......▓
▓.......▓
▓...1&..▓
▓.▓.1@▓.▓
▓...©.C.▓
▓▓▓▓▓▓▓▓▓


You could see Piri, a Hell Sentinel, a Brimstone Fiend and a friendly stone
giant (berserk).

Vanquished Creatures
  A dancing weapon (D)
  3 hell hogs (D)
  A deep elf knight (D)
  A sun demon (D)
  A deep elf archer (D)
  2 deep elf magi (D)
  An air elemental (D)
  2 water elementals (D)
  A fire elemental (D)
  A chaos spawn (D)
  2 hell hounds (D)
  2 crimson imps (D)
  An orc priest (D)
  An iguana (D)
  3 orc wizards (D)
  An ufetubus (D)
  4 orcs (D)
  A jackal (D)
29 creatures vanquished.

Vanquished Creatures (others)
  A spatial maelstrom (D)
1 creature vanquished.

Grand Total: 30 creatures vanquished

Notes
Turn   | Place    | Note
-------+----------+-------------------------------------------
     0 | D        | Fang the Gargoyle Berserker began the quest for the Orb.
     0 | D        | Reached XP level 1. HP: 14/14 MP: 1/1
     6 | D        | Found a blossoming altar of Fedhas.
     7 | D        | Found the +6 Majin-Bo {vamp, Archmagi MP+6 Int+6}
     7 | D        | Found the +7 great mace "Firestarter" {inner flame, rF++}
     7 | D        | Found a transporter.
     7 | D        | Found a viscous altar of Jiyva.
     7 | D        | Found an ancient bone altar of Kikubaaqudgha.
     7 | D        | Found a hazy altar of Hepliaklqana.
     7 | D        | Found a corrupted altar of Lugonu.
     7 | D        | Found an opulent altar of Gozag.
     7 | D        | Found a burning altar of Makhleb.
    12 | D        | Found an iron altar of Okawaru.
    12 | D        | Found a stormy altar of Qazlal.
    12 | D        | Found a sparkling altar of Nemelex Xobeh.
    12 | D        | Found a sacrificial altar of Ru.
    12 | D        | Found a shimmering blue altar of Sif Muna.
    17 | D        | Banished a spatial maelstrom
    26 | D        | Found the +9 heavy crossbow "Sniper" {velocity, Acc+∞ SInv}
    26 | D        | Found the +10 dark maul {crush}
    26 | D        | Found the +15 Maxwell's patent armour {-Cast -Tele rElec
                  | MR+ rCorr}
    26 | D        | Found the +18 shield of the Gong {rElec rN+ MR+ EV-5}
    26 | D        | Found the cursed +14 obsidian axe {chop, +Fly SInv *Curse}
    42 | D        | Found a bloodstained altar of Trog.
    44 | D        | Banished a spatial maelstrom
    87 | D        | Entered arena 2.
    87 | D        | Noticed an iguana
    87 | D        | Found a transporter.
    92 | D        | Killed an iguana
    92 | D        | Reached XP level 2. HP: 20/20 MP: 2/2
    92 | D        | Reached XP level 3. HP: 24/24 MP: 3/3
   101 | D        | Entered arena 3.
   101 | D        | Noticed a deep elf knight
   101 | D        | Noticed a deep elf mage
   101 | D        | Noticed an air elemental
   101 | D        | Found a transporter.
   105 | D        | Killed a deep elf mage
   105 | D        | Reached ** piety under Trog
   105 | D        | Reached skill level 5 in Axes
   105 | D        | Reached skill level 5 in Armour
   105 | D        | Reached XP level 4. HP: 17/32 MP: 4/4
   105 | D        | Reached XP level 5. HP: 20/37 MP: 5/5
   117 | D        | Killed a deep elf knight
   117 | D        | Reached XP level 6. HP: 12/45 MP: 6/6
   117 | D        | Reached XP level 7. HP: 14/50 MP: 7/7
   119 | D        | Killed an air elemental
   119 | D        | Reached *** piety under Trog
   119 | D        | Reached skill level 5 in Dodging
   339 | D        | Entered arena 4.
   339 | D        | Found a transporter.
   345 | D        | Reached **** piety under Trog
   374 | D        | Entered arena 5.
   374 | D        | Found a transporter.
   385 | D        | Reached ***** piety under Trog
   402 | D        | Entered arena 6.
   402 | D        | Noticed a +1 war axe of chopping
   402 | D        | Noticed a water elemental
   402 | D        | Noticed a deep elf archer
   402 | D        | Noticed a water elemental
   402 | D        | Noticed a deep elf mage
   402 | D        | Found a transporter.
   408 | D        | Killed a +1 war axe of chopping
   408 | D        | Reached skill level 10 in Fighting
   408 | D        | Reached XP level 8. HP: 59/59 MP: 8/8
   409 | D        | Killed a water elemental
   409 | D        | Reached skill level 10 in Shields
   411 | D        | Killed a water elemental
   411 | D        | Reached XP level 9. HP: 64/64 MP: 9/9
   412 | D        | Killed a deep elf archer
   412 | D        | Received a gift from Trog
   412 | D        | Reached skill level 10 in Axes
   416 | D        | Killed a deep elf mage
   420 | D        | Got the ring of the Gloaming {MP+9 AC+3}
   484 | D        | Entered arena 7.
   484 | D        | Noticed a hell hog
   484 | D        | Noticed a hell hog
   484 | D        | Noticed a hell hog
   485 | D        | Found a transporter.
   493 | D        | Killed a hell hog
   493 | D        | Reached XP level 10. HP: 38/72 MP: 10/10
   495 | D        | Killed a hell hog
   495 | D        | Received a gift from Trog
   495 | D        | Reached ****** piety under Trog
   497 | D        | Killed a hell hog
   497 | D        | Received a gift from Trog
   534 | D        | Got the +0 plate armour of the Country {rElec rF+ Int+4
                  | Dex+4}
   536 | D        | Got the +5 gold dragon scales of Shielding {rPois rF+ rC+
                  | Str+2}
   539 | D        | Entered arena 8.
   539 | D        | Noticed Piri the pandemonium lord
   539 | D        | Noticed a sun demon
   540 | D        | Found the +9 staff of Wucad Mu {channel}
   540 | D        | Found a transporter.
   546 | D        | Reached skill level 10 in Armour
   548 | D        | Killed a sun demon
   556 | D        | Noticed a Brimstone Fiend
   557 | D        | Noticed a Hell Sentinel
   570 | D        | Blown up by Piri the pandemonium lord

Levels and vault maps discovered:
D:        sprint_v [room_start, room_1, room_2, room_3, room_4, room_5, room_6,
          room_7, room_8, room_9, room_10, room_11, room_12, room_13, room_14,
          room_15, room_16, room_17, room_18, room_19, room_20, room_21,
          room_22, room_23, room_24, room_25, room_26, room_27]

Skill      XL: |  1  2  3  4  5  6  7  8  9 10 |
---------------+-------------------------------+-----
Fighting       | 4 6 8 10 11 12 13 | 13.7
Axes           | 3 5 7 9 10 11 | 11.8
Armour         | 3 5 6 7 8 9 10 | 10.1
Dodging        | 2 3 4 6 7 |  7.8
Shields        | 4 7 9 10 11 13 | 13.0

Action                   |  1- 3 |  4- 6 |  7- 9 | 10-12 || total
-------------------------+-------+-------+-------+-------++-------
Melee: Broad axe         |     6 |    12 |    31 |    30 ||    79
Invok: Berserk           |     1 |       |     2 |     1 ||     4
       Trog's Hand       |       |       |     1 |       ||     1
       Brothers in Arms  |       |       |       |     1 ||     1
  Use: Potion            |       |       |       |     1 ||     1
  Eat: Chunk             |       |       |       |     2 ||     2
Armor: Plate armour      |     5 |     8 |    16 |    28 ||    57
Dodge: Dodged            |       |     2 |     5 |     3 ||    10
Block: Shield            |    15 |    25 |    47 |    42 ||   129
